 Dungeon Crawl Stone Soup version 0.20.1-1-g8b1a95d (webtiles) character file.

24 Irenicus the Insei (level 3, 0/26 HPs)
             Began as an Octopode Chaos Knight on Oct 15, 2017.
             Slain by a gnoll
             ... wielding a +1 halberd of chaos
              (7 damage)
             ... on level 1 of the Dungeon.
             The game lasted 00:01:00 (492 turns).

Irenicus the Insei (Octopode Chaos Knight)           Turns: 492, Time: 00:01:01

Health: 0/26       AC:  1    Str: 11    XL:     3   Next: 2%
Magic:  3/3        EV: 13    Int: 14    God:    Xom [.*....]
Gold:   19         SH:  0    Dex: 12    Spells: 2/2 levels left

rFire    . . .     SeeInvis .     - Unarmed
rCold    . . .     Gourm    .   (no shield)
rNeg     . . .     Faith    .   (helmet restricted)
rPois    .         Spirit   .   (no amulet)
rElec    .         Reflect  .   (no ring)
rCorr    .         Harm     .   (no ring)
MR       .....                  (no ring)
Stlth    ++........             (no ring)
Regen    0.1/turn               (no ring)
MPRegen  0.1/turn               (no ring)
                                (no ring)
                                (no ring)

@: hasted, very quick
A: almost no armour, stealthy swim, amphibious, 8 rings, constrict 8, camouflage
1, gelatinous body 1
a: Renounce Religion


You were on level 1 of the Dungeon.
You worshipped Xom.
You were a plaything of Xom.
You were not hungry.

You visited 1 branch of the dungeon, and saw 1 of its levels.

You collected 19 gold pieces.

Inventory:

Scrolls
 d - a scroll of amnesia {unknown}
 e - 2 scrolls of random uselessness {unknown}
 g - 4 scrolls of identify {unknown}
 h - a scroll of enchant weapon {unknown}
Potions
 b - a potion of heal wounds {unknown}
 c - a potion of degeneration {unknown}
 i - a potion of mutation {unknown}
Comestibles
 a - a bread ration
 f - 3 fruits


   Skills:
 - Level 3.0 Fighting
 - Level 2.3 Dodging
 + Level 4.1 Unarmed Combat


You had 2 spell levels left.
You didn't know any spells.

Dungeon Overview and Level Annotations

Branches:
Dungeon (1/15)

Altars:


Innate Abilities, Weirdness & Mutations

You cannot wear most types of armour.
You are very stealthy in the water. (Stealth+)
You are amphibious.
You can wear up to eight rings at the same time.
You can use your tentacles to constrict eight enemies at once.
Your skin changes colour to match your surroundings (Stealth+).
Your rubbery body absorbs attacks. (AC +1, EV +1)


Message History

You barely miss the gnoll. Your grab misses the gnoll.
The gnoll closely misses you.
You closely miss the gnoll. Your grab misses the gnoll.
You tentacle-slap the gnoll. You grab the gnoll.
The gnoll is lightly wounded.
You constrict the gnoll.
Xom's power touches on a nearby weapon.
The gnoll's halberd is briefly surrounded by a scintillating aura of random colours.
You are now a plaything of Xom.
The gnoll hits you with a halberd of chaos.
* * * LOW HITPOINT WARNING * * *
You tentacle-slap the gnoll. You squeeze the gnoll.
The gnoll is severely wounded.
You constrict the gnoll.
You tentacle-slap the gnoll but do no damage.
The gnoll is almost dead.
You constrict the gnoll.
The gnoll hits you with a halberd of chaos!
You die...
Xom yawns loudly!

######### ##### #.......# #....
#.......# #.... >.......#
######### #....
........##########.........##....
................@g...............
.#..(..###########........ ##....
.#.....# ................ #....
.#.....# .......).####### ##....
.#.....# ......!..# #.....
.#.....# #%......## #...##
##.....# #.......# #...##
##.....# #.......# ##....
.....)†## #.......# #....


You could see a gnoll.

Vanquished Creatures
  2 ball pythons (D:1)
  2 goblins (D:1)
  2 hobgoblins (D:1)
  4 jackals (D:1)
  5 kobolds (D:1)
  3 bats (D:1)
  4 rats (D:1)
22 creatures vanquished.

Notes
Turn   | Place    | Note
-------+----------+-------------------------------------------
     0 | D:1      | Irenicus the Octopode Chaos Knight began the quest for the Orb.
     0 | D:1      | Reached XP level 1. HP: 16/16 MP: 1/1
   138 | D:1      | XOM: divination: detect creatures
   159 | D:1      | Reached XP level 2. HP: 9/21 MP: 2/2
   442 | D:1      | Reached skill level 4 in Unarmed Combat
   476 | D:1      | XOM: potion effect (haste)
   485 | D:1      | Reached XP level 3. HP: 13/26 MP: 3/3
   490 | D:1      | XOM: chaos upgrade
   492 | D:1      | Slain by a gnoll

Skill      XL: |  1  2 |
---------------+-------+-----
Unarmed Combat | 4 |  4.1
Fighting       | |  3.0
Dodging        | |  2.3

Action                   || total
-------------------------++-------
Melee: Unarmed           ||    48
       Constrict         ||    13
       Tentacles         ||     3
       Punch             ||     2
 Stab: Sleeping          ||     2
Armor: Skin              ||     3
Dodge: Dodged            ||    34
